Map: Fields of Shazir

Players

Loken - Winner!

  • Race: Zerg Zerg
  • League: Platinum
  • Spawn Location: 9:00

dallaskuken - Winner!

  • Race: Protoss Protoss
  • League: Platinum
  • Spawn Location: 7:00

Myran - Winner!

  • Race: Protoss Protoss
  • Spawn Location: 9:00

CZETicho

  • Race: Protoss Protoss
  • Spawn Location: 3:00

Punishertoss

  • Race: Protoss Protoss
  • Spawn Location: 3:00

Kezman

  • Race: Zerg Zerg
  • Spawn Location: 5:00

VOD

Have the link to the VOD?

Description

Time

  • Played on: March 14, 2017, 7:30 p.m.
  • Length: 11:05
Show
View Real Time Build Order
Export as new Build Order

Loken Zerg - Winner!

Build Orders: Hatch First 

Get SALT Encoding   

  12  0:01  Drone  
  13  0:09  Drone  
  14  0:18  Overlord  
  14  0:37  Drone  
  14  0:38  Drone x2  
  17  0:58  Hatchery, Drone  
  17  1:07  Drone  
  18  1:18  Spawning Pool, Drone  
  18  1:30  Drone  
  19  1:33  Extractor  
  18  1:51  Overlord  
  18  1:52  Drone  
  19  1:55  Drone  
  20  2:06  Zergling x2  
  21  2:09  Queen  
  21  2:10  Queen  
  25  2:18  Drone x2  
  27  2:25  Roach Warren  
  27  2:28  Drone x2  
  28  2:41  Drone  
  28  2:43  Drone  
  30  2:45  Overlord  
  30  2:53  Zergling x2  
  30  2:55  Overlord  
  31  3:13  Roach  
  31  3:14  Roach x2  
  31  3:16  Roach  
  39  3:23  Roach x4  
  39  3:26  Zergling x4  
  49  3:33  Extractor  
  48  3:53  Drone  
  48  3:54  Drone x3  
  52  3:56  Overlord x2  
  52  3:57  Overlord x2  
  51  4:24  Extractor  
  51  4:25  Drone x6  
  51  4:26  Drone x5  
  61  4:58  Drone x2  
  61  4:59  Drone  
  64  5:08  Metabolic Boost  
  64  5:12  Lair  
  64  5:17  Zergling x2  
  64  5:18  Zergling x16  
  73  5:30  Extractor  
  73  5:31  Hatchery  
  71  5:38  Roach  
  71  5:39  Roach x5  
  71  5:41  Overlord x2  
  83  5:49  Overlord x2  
  83  6:10  Glial Reconstitution  
  83  6:15  Ravager x3  
  83  6:16  Ravager x2  
  88  6:19  Zergling x10  
  88  6:20  Zergling x6  
  96  6:42  Drone  
  96  6:43  Drone x3  
  100  6:50  Queen  
  90  7:18  Drone x2  
  90  7:19  Drone x9  
  101  7:33  Spire  
  97  7:49  Roach  
  97  7:50  Roach x7  
  112  8:18  Ravager x6  
  112  8:19  Ravager x3  
  121  8:27  Extractor  
  120  8:30  Extractor  
  96  9:34  Infestation Pit  
  95  9:41  Evolution Chamber  
  95  9:42  Overlord x2  
  95  9:43  Evolution Chamber, Overlord x4  
  93  9:53  Mutalisk  
  93  9:54  Mutalisk x9  
  113  10:01  Zergling x22  
  113  10:03  Zergling x2  
  113  10:04  Zergling x10  
Show
View Real Time Build Order
Export as new Build Order

dallaskuken Protoss - Winner!

Build Orders:  

Get SALT Encoding   

  12  0:01  Probe (Chrono Boost)  
  13  0:17  Pylon  
  13  0:20  Probe (Chrono Boost)  
  14  0:30  Probe (Chrono Boost)  
  15  0:41  Probe (Chrono Boost)  
  16  0:51  Pylon  
  16  0:55  Probe (Chrono Boost)  
  17  1:05  Probe (Chrono Boost)  
  17  1:11  Gateway  
  18  1:12  Gateway  
  18  1:17  Probe (Chrono Boost)  
  19  1:32  Probe (Chrono Boost)  
  20  1:48  Forge  
  20  1:55  Zealot  
  20  2:00  Zealot  
  24  2:10  Cybernetics Core  
  24  2:19  Zealot  
  26  2:27  Zealot  
  28  2:54  Zealot  
  30  3:03  Zealot  
  28  3:14  Photon Cannon  
  28  3:18  Pylon  
  28  3:20  Pylon  
  28  3:21  Zealot  
  28  3:27  Zealot  
  28  3:32  Assimilator  
  30  3:38  Photon Cannon  
  30  3:40  Photon Cannon  
  30  3:50  Probe (Chrono Boost)  
  30  3:54  Pylon  
  32  4:03  Probe (Chrono Boost)  
  32  4:19  Stalker  
  34  4:38  Nexus  
  34  4:42  Pylon  
  34  4:54  Warp Gate  
  34  5:03  Photon Cannon  
  34  5:05  Photon Cannon  
  34  5:08  Pylon  
  35  5:23  Probe (Chrono Boost)  
  35  5:26  Pylon  
  35  5:35  Probe (Chrono Boost)  
  36  5:36  Photon Cannon  
  36  5:39  Photon Cannon  
  36  5:51  Probe (Chrono Boost)  
  37  6:01  Assimilator, Probe (Chrono Boost)  
  38  6:12  Probe (Chrono Boost)  
  38  6:18  Stalker  
  39  6:22  Stalker, Probe (Chrono Boost)  
  44  6:33  Probe (Chrono Boost)  
  45  6:43  Probe (Chrono Boost)  
  46  6:49  Robotics Facility  
  47  6:54  Probe (Chrono Boost)  
  47  6:57  Twilight Council  
  47  7:04  Probe (Chrono Boost)  
  48  7:15  Probe (Chrono Boost)  
  49  7:26  Probe (Chrono Boost)  
  50  7:36  Probe (Chrono Boost)  
  51  7:38  Gateway  
  51  7:41  Gateway  
  51  7:44  Assimilator  
  51  7:47  Probe (Chrono Boost)  
  51  7:50  Assimilator  
  52  7:57  Probe (Chrono Boost)  
  52  7:58  Probe (Chrono Boost)  
  54  8:03  Nexus  
  54  8:10  Probe (Chrono Boost)  
  55  8:15  Mothership Core (Chrono Boost)  
  57  8:21  Stalker x2  
  57  8:22  Probe (Chrono Boost)  
  62  8:29  Observer  
  64  8:34  Probe (Chrono Boost)  
  56  8:46  Probe (Chrono Boost)  
  55  8:53  Stalker x2  
  55  8:54  Stalker  
  57  9:18  Stalker  
  59  9:24  Zealot  
  59  9:25  Zealot x2  
  65  9:36  Probe (Chrono Boost)  
  66  9:47  Probe (Chrono Boost)  
  66  9:49  Pylon  
  66  9:50  Pylon  
  67  9:55  Stalker x2  
  67  9:56  Stalker x2  
  67  9:57  Probe (Chrono Boost)  
  76  10:06  Immortal  
  80  10:08  Probe (Chrono Boost)  
  81  10:18  Probe (Chrono Boost)  
  82  10:26  Assimilator  
  68  10:30  Assimilator  
  58  10:37  Stalker x2  
  58  10:38  Stalker x2  
Show
View Real Time Build Order
Export as new Build Order

Myran Protoss - Winner!

Build Orders:  

Get SALT Encoding   

  12  0:01  Probe (Chrono Boost)  
  13  0:16  Probe (Chrono Boost)  
  14  0:22  Pylon  
  14  0:27  Probe (Chrono Boost)  
  15  0:40  Probe (Chrono Boost)  
  16  0:45  Forge  
  16  0:53  Pylon  
  16  1:06  Pylon  
  16  1:24  Probe (Chrono Boost)  
  16  1:34  Gateway  
  16  1:35  Probe (Chrono Boost)  
  16  1:36  Pylon  
  17  1:40  Photon Cannon  
  17  1:45  Probe (Chrono Boost)  
  18  1:56  Probe (Chrono Boost)  
  19  2:06  Probe (Chrono Boost)  
  19  2:08  Assimilator  
  20  2:19  Nexus  
  21  2:23  Probe (Chrono Boost)  
  21  2:33  Probe (Chrono Boost)  
  21  2:36  Cybernetics Core  
  22  2:43  Pylon  
  22  2:47  Assimilator, Probe (Chrono Boost)  
  23  2:59  Probe (Chrono Boost)  
  24  3:08  Zealot  
  24  3:09  Probe (Chrono Boost)  
  27  3:13  Protoss Air Weapons Level 1  
  27  3:27  Pylon, Probe (Chrono Boost)  
  27  3:30  Assimilator  
  27  3:34  Probe (Chrono Boost)  
  29  3:35  Assimilator  
  29  3:42  Probe (Chrono Boost)  
  29  3:44  Probe (Chrono Boost)  
  31  3:52  Probe (Chrono Boost)  
  31  3:55  Probe (Chrono Boost)  
  33  4:03  Probe (Chrono Boost)  
  33  4:05  Probe (Chrono Boost)  
  35  4:11  Stargate x2  
  35  4:16  Probe (Chrono Boost)  
  37  4:18  Probe (Chrono Boost)  
  37  4:26  Probe (Chrono Boost)  
  39  4:31  Probe (Chrono Boost)  
  39  4:37  Probe (Chrono Boost)  
  40  4:42  Probe (Chrono Boost)  
  41  4:48  Probe (Chrono Boost)  
  43  4:53  Probe (Chrono Boost)  
  43  4:56  Void Ray  
  47  5:01  Void Ray  
  51  5:08  Protoss Air Armor Level 1  
  51  5:10  Pylon  
  51  5:39  Void Ray  
  55  5:42  Pylon  
  55  5:44  Void Ray  
  55  5:46  Pylon  
  60  5:50  Probe (Chrono Boost)  
  60  5:53  Probe (Chrono Boost)  
  61  6:06  Fleet Beacon  
  61  6:09  Probe (Chrono Boost)  
  62  6:16  Photon Cannon  
  62  6:20  Photon Cannon  
  62  6:25  Void Ray  
  66  6:27  Void Ray  
  66  6:28  Photon Cannon  
  70  6:52  Stargate  
  70  6:57  Pylon  
  70  7:01  Pylon  
  70  7:05  Void Ray  
  70  7:06  Protoss Air Weapons Level 2  
  70  7:07  Void Ray  
  78  7:36  Robotics Facility  
  78  7:40  Void Ray  
  82  7:46  Void Ray x2  
  90  8:23  Void Ray x2  
  98  8:36  Warp Prism  
  100  8:48  Pylon  
  100  8:50  Pylon  
  100  8:53  Pylon  
  100  8:59  Pylon  
  100  9:01  Void Ray  
  100  9:02  Pylon  
  100  9:06  Pylon  
  100  9:07  Void Ray  
  108  9:38  Void Ray, Nexus  
  108  9:44  Void Ray  
  116  10:00  Void Ray  
  120  10:15  Void Ray  
Show
View Real Time Build Order
Export as new Build Order

CZETicho Protoss 

Build Orders:  

Get SALT Encoding   

  12  0:01  Probe (Chrono Boost)  
  13  0:12  Probe (Chrono Boost)  
  14  0:18  Pylon  
  14  0:23  Probe (Chrono Boost)  
  15  0:36  Probe (Chrono Boost)  
  15  0:41  Assimilator  
  16  0:46  Gateway  
  16  0:48  Probe (Chrono Boost)  
  17  0:53  Assimilator  
  17  0:58  Probe (Chrono Boost)  
  18  1:09  Probe (Chrono Boost)  
  18  1:10  Pylon  
  19  1:19  Probe (Chrono Boost)  
  20  1:30  Probe (Chrono Boost)  
  21  1:33  Cybernetics Core  
  21  1:40  Probe (Chrono Boost)  
  22  1:51  Probe (Chrono Boost)  
  23  1:56  Warp Gate  
  23  2:04  Gateway  
  23  2:07  Pylon  
  23  2:10  Stalker  
  27  2:39  Mothership Core (Chrono Boost)  
  27  2:42  Stalker  
  26  2:56  Stalker  
  27  3:23  Stalker  
  30  3:27  Probe (Chrono Boost)  
  30  3:39  Probe (Chrono Boost)  
  33  3:54  Probe (Chrono Boost)  
  32  4:04  Gateway  
  32  4:06  Stalker x2, Probe (Chrono Boost)  
  37  4:34  Robotics Facility  
  37  4:35  Pylon  
  37  4:36  Adept  
  37  4:38  Pylon  
  39  4:39  Pylon  
  39  5:00  Adept x3  
  45  5:22  Immortal  
  49  5:41  Nexus  
  49  5:49  Sentry x2  
  53  5:50  Sentry  
  53  5:56  Immortal  
  59  6:28  Pylon  
  59  6:31  Pylon  
  59  6:33  Pylon  
  59  6:48  Immortal  
  63  7:02  Probe (Chrono Boost)  
  63  7:04  Probe (Chrono Boost)  
  63  7:13  Probe (Chrono Boost)  
  65  7:16  Probe (Chrono Boost)  
  65  7:17  Sentry x2  
  65  7:18  Stalker  
  71  7:34  Probe (Chrono Boost)  
  71  7:36  Probe (Chrono Boost)  
  73  7:45  Probe (Chrono Boost)  
  73  7:48  Probe (Chrono Boost)  
  73  7:51  Pylon  
  75  7:55  Pylon, Probe (Chrono Boost)  
  77  8:00  Probe (Chrono Boost)  
  77  8:11  Sentry  
  77  8:12  Adept x2  
  79  8:15  Probe (Chrono Boost)  
  79  8:16  Probe (Chrono Boost)  
  79  8:18  Gateway  
  81  8:20  Gateway  
  81  8:21  Gateway  
  81  8:25  Probe (Chrono Boost)  
  83  8:28  Probe (Chrono Boost)  
  61  8:45  Sentry x3  
  63  8:57  Probe (Chrono Boost)  
  63  8:59  Assimilator, Probe (Chrono Boost)  
  65  9:03  Assimilator  
  65  9:08  Probe (Chrono Boost)  
  67  9:11  Stalker x3, Probe (Chrono Boost)  
  73  9:31  Gateway x2  
  73  9:35  Pylon  
  73  9:38  Pylon  
  73  9:40  Pylon  
  73  9:42  Adept x2  
  73  9:43  Stalker x2  
  73  9:45  Sentry  
  83  9:46  Sentry  
  85  9:55  Immortal  
  89  10:07  Sentry x2  
  89  10:08  Adept x2  
  97  10:14  Stalker  
  79  10:44  Adept x2  
  79  10:45  Adept x3  
  79  10:46  Adept  
Show
View Real Time Build Order
Export as new Build Order

Punishertoss Protoss 

Build Orders:  

Get SALT Encoding   

  12  0:03  Probe (Chrono Boost)  
  13  0:18  Pylon  
  13  0:27  Pylon  
  13  0:33  Probe (Chrono Boost)  
  14  0:44  Probe (Chrono Boost)  
  15  0:50  Gateway  
  15  1:26  Probe (Chrono Boost)  
  16  1:36  Probe (Chrono Boost)  
  17  1:44  Assimilator  
  17  1:53  Zealot  
  19  2:11  Assimilator  
  19  2:17  Cybernetics Core  
  19  2:29  Zealot  
  22  2:38  Probe (Chrono Boost)  
  22  2:48  Cybernetics Core  
  23  2:52  Probe (Chrono Boost)  
  23  3:01  Warp Gate  
  25  3:06  Mothership Core (Chrono Boost)  
  25  3:12  Forge  
  24  3:14  Pylon  
  24  3:37  Pylon  
  24  3:40  Gateway  
  24  3:45  Probe (Chrono Boost)  
  25  3:57  Probe (Chrono Boost)  
  26  4:08  Nexus  
  31  4:39  Probe (Chrono Boost)  
  31  4:56  Gateway  
  27  5:07  Gateway x2  
  27  5:14  Photon Cannon  
  27  5:16  Stalker  
  27  5:17  Stalker  
  31  5:32  Probe (Chrono Boost)  
  32  5:36  Pylon  
  32  5:38  Assimilator  
  32  5:43  Probe (Chrono Boost)  
  33  5:54  Probe (Chrono Boost)  
  35  6:04  Probe (Chrono Boost)  
  35  6:08  Stalker  
  35  6:09  Stalker  
  35  6:10  Stalker  
  41  6:16  Photon Cannon  
  41  6:20  Assimilator, Probe (Chrono Boost)  
  41  6:24  Sentry  
  44  6:31  Probe (Chrono Boost)  
  45  6:41  Stalker  
  45  6:42  Stalker  
  45  6:43  Sentry  
  51  6:58  Robotics Facility  
  51  7:06  Pylon  
  51  7:29  Protoss Ground Weapons Level 1  
  51  7:33  Twilight Council  
  51  7:35  Pylon, Probe (Chrono Boost)  
  52  7:46  Probe (Chrono Boost), Immortal  
  57  7:55  Phoenix  
  57  7:56  Probe (Chrono Boost)  
  58  8:07  Probe (Chrono Boost)  
  58  8:09  Stalker x2  
  63  8:17  Probe (Chrono Boost)  
  64  8:23  Observer  
  65  8:28  Probe (Chrono Boost)  
  66  8:38  Stalker, Probe (Chrono Boost)  
  66  8:39  Stalker x3  
  75  9:08  Protoss Ground Armor Level 1  
  75  9:11  Immortal  
  75  9:14  Stalker  
  75  9:16  Stalker  
  84  9:31  Probe (Chrono Boost)  
  84  9:35  Pylon  
  84  9:43  Probe (Chrono Boost)  
  85  9:51  Pylon  
  85  9:53  Pylon, Immortal  
  85  9:55  Probe (Chrono Boost)  
  90  10:03  Stalker x2  
  94  10:11  Probe (Chrono Boost)  
  92  10:23  Probe (Chrono Boost)  
Show
View Real Time Build Order
Export as new Build Order

Kezman Zerg 

Build Orders: Pool First 

Get SALT Encoding   

  12  0:02  Drone  
  13  0:11  Drone  
  14  0:26  Spawning Pool  
  13  0:31  Drone  
  14  0:42  Overlord  
  14  0:45  Drone, Extractor  
  14  1:13  Hatchery  
  14  1:22  Drone  
  15  1:26  Drone x2  
  16  1:47  Drone  
  16  1:51  Drone  
  16  1:53  Hatchery  
  17  2:03  Spine Crawler  
  17  2:05  Metabolic Boost  
  16  2:12  Drone  
  17  2:16  Drone  
  17  2:20  Overlord  
  18  2:39  Queen  
  20  2:46  Zergling x4  
  22  2:54  Drone  
  23  3:05  Queen  
  25  3:06  Drone  
  25  3:08  Overlord  
  26  3:15  Zergling x2  
  26  3:18  Zergling x2  
  28  3:23  Zergling x2  
  29  3:27  Drone  
  30  3:35  Overlord  
  30  3:38  Drone  
  31  3:45  Zergling x2  
  32  3:50  Drone  
  33  4:06  Zergling x2  
  33  4:09  Zergling x6  
  24  4:33  Zergling x6  
  24  4:36  Zergling x6  
  30  4:42  Queen  
  32  5:04  Roach Warren  
  31  5:08  Drone x4, Evolution Chamber, Overlord  
  31  5:10  Evolution Chamber  
  33  5:35  Zerg Missile Weapons Level 1  
  33  5:36  Zerg Ground Armor Level 1  
  33  5:45  Lair  
  33  5:56  Roach x6  
  45  6:08  Roach  
  47  6:19  Roach  
  47  6:24  Roach x2  
  53  6:27  Overlord  
  53  6:34  Overlord  
  53  6:44  Overseer  
  55  6:47  Roach  
  55  6:48  Glial Reconstitution  
  55  6:53  Drone x3  
  58  6:55  Extractor  
  55  7:16  Roach x2  
  59  7:44  Roach x2  
  59  7:45  Roach  
  59  7:50  Overseer  
  62  8:13  Roach x2  
  62  8:17  Pneumatized Carapace  
  62  8:19  Roach  
  58  8:51  Overlord x4  
  58  8:52  Overlord  
  52  9:12  Roach x2  
  56  9:22  Roach  
  56  9:24  Infestation Pit  
  57  9:26  Overseer  
  57  9:52  Roach  
  61  9:53  Roach x4  
  67  10:03  Roach  
  69  10:08  Ravager  
  56  10:33  Roach x5  
Tags
 
Add a new tag
Caveats
  • Supply blocks, unpowered buildings, or Contaminate may cause inaccurate times.
  • Supply counts are checked every 10 seconds.